 Dungeon Crawl Stone Soup version 0.31-a0-851-g7ff8af7976 (webtiles) character file.

Game seed: 786086767468083673

189920 Psyclone the Sorcerer (level 17, -6/97 HPs)
             Began as a Deep Elf Conjurer on Oct 7, 2023.
             Was an Initiate of Ashenzari.
             Mangled by a jumping spider (14 damage)
             ... on level 2 of the Spider Nest.
             The game lasted 02:26:14 (41342 turns).

Psyclone the Sorcerer (Deep Elf Conjurer)          Turns: 41342, Time: 02:26:15

Health: -6/97      AC: 14    Str:  4    XL:     17   Next: 52%
Magic:  29/44      EV: 14    Int: 42    God:    Ashenzari [......]
Gold:   4227       SH:  5    Dex: 13    Spells: 19/58 levels left

rFire   . . .        i - +4 war axe (vamp)
rCold   . . .        n - +0 buckler
rNeg    . . .        a - +2 robe {Will+}
rPois   +            Y - +1 hat {SInv}
rElec   .            s - +1 cloak "Ruined With Me" {rCorr Int+4 Slay+5, Elem, Alch} (curse)
rCorr   +            K - +3 pair of gauntlets of War {Slay+5}
SInv    +            X - +2 pair of boots of Dunnomm {rPois Will+++}
Will    +++++        F - amulet of the acrobat
Stlth   ++           e - +6 ring of intelligence
HPRegen 0.36/turn    G - ring of poison resistance
MPRegen 0.29/turn

%: acrobat
@: lethally poisoned (-6 -> -12), slightly contaminated, slowed, very slow
A: wild magic 1, MP-powered wands
}: 1/15 runes: barnacled
a: Renounce Religion, Shatter the Chains


You were on level 2 of the Spider Nest.
You worshipped Ashenzari.
Ashenzari was noncommittal.
You visited 5 branches of the dungeon, and saw 28 of its levels.
You also visited: Gauntlet and Ice Cave.

You collected 4482 gold pieces.
You spent 255 gold pieces at shops.

Inventory:

Hand Weapons
 i - a +4 vampiric war axe (weapon)
Armour
 a - a +2 robe of willpower (worn)
 n - a +0 buckler (worn)
 s - the cursed +1 cloak "Ruined With Me" (worn) {rCorr Int+4 Slay+5, Elem, Alch}
   (You found it in an ice cave)

   Int+4:     It affects your intelligence (+4).
   Slay+5:    It affects your accuracy & damage with ranged weapons and melee
   (+5).
   rCorr:     It protects you from acid and corrosion.
   It has a curse which improves the following skills: Elements: Fire Magic, Ice
   Magic, Air Magic and Earth Magic.
   Alchemy:   Poison Magic and Transmutations.
 K - the +3 pair of gauntlets of War (worn) {Slay+5}
   (You acquired it on level 11 of the Dungeon)

   Slay+5:    It affects your accuracy & damage with ranged weapons and melee
   (+5).
 P - a +1 pair of boots of flying
 X - the +2 pair of boots of Dunnomm (worn) {rPois Will+++}
   (You acquired it on level 1 of the Shoals)

   rPois:     It protects you from poison Will+++: It greatly increases your
   willpower.
 Y - a +1 hat of see invisible (worn)
Jewellery
 e - a +6 ring of intelligence (left hand)
 k - a ring of protection from fire
 u - a ring of magical power
 y - a ring of ice
 F - an amulet of the acrobat (around neck)
 G - a ring of poison resistance (right hand)
 Q - a ring of magical power
Wands
 m - a wand of flame (63)
 C - a wand of quicksilver (21)
 D - a wand of digging (7)
 I - a wand of iceblast (16)
 V - a wand of paralysis (4)
Scrolls
 g - 10 scrolls of teleportation
 v - 5 scrolls of enchant weapon
 w - 7 scrolls of fear
 x - 5 scrolls of amnesia
 H - 5 scrolls of revelation
 J - 16 scrolls of identify {@r1}
 L - 7 scrolls of poison
 M - 4 scrolls of fog
 N - 3 scrolls of immolation
 O - 3 scrolls of butterflies
 T - a scroll of enchant armour
 U - a scroll of torment
 W - a scroll of brand weapon
Potions
 b - a potion of magic
 f - 7 potions of heal wounds
 o - 10 potions of curing
 q - 2 potions of mutation
 r - 8 potions of brilliance
 z - 6 potions of might
 A - 3 potions of lignification
 B - a potion of enlightenment
 S - 4 potions of haste
Miscellaneous
 R - a phantom mirror


   Skills:
 - Level 8.0 Fighting
 - Level 8.0 Dodging
 - Level 2.4 Stealth
 - Level 5.0 Shields
 - Level 21.0 Spellcasting
 - Level 21.0 Conjurations
 - Level 6.0 Hexes
 - Level 6.0 Translocations
 + Level 11.3(11.7) Fire Magic
 - Level 12.0(12.3) Ice Magic


You had 19 spell levels left.
You knew the following spells:

 Your Spells              Type           Power      Damage    Failure   Level
a - Magic Dart            Conj           100%       1d8       1%          1
b - Searing Ray           Conj           100%       2d8       1%          2
c - Volatile Blastmotes   Fire/Tloc      100%       2d18      1%          3
d - Fulminant Prism       Conj/Hex       58%        3d24      1%          4
e - Iskenderun's Mystic   Conj/Tloc      100%       2d19      1%          4
f - Freezing Cloud        Conj/Ice/Air   54%        6-21      1%          5
g - Orb of Destruction    Conj           68%        9d16      1%          7
h - Inner Flame           Hex/Fire       100%       N/A       1%          3
i - Iskenderun's Battles  Conj           100%       2d15      1%          5
x - Irradiate             Conj/Tmut      53%        3d29      1%          5

Your spell library contained the following spells:

 Spells                   Type           Power      Damage    Failure   Level
 Apportation              Tloc           100%       N/A       1%          1
 Foxfire                  Conj/Fire      100%       2x1d9     1%          1
 Freeze                   Ice            100%       1d10      1%          1
 Kiss of Death            Conj/Necr      100%       2d13      1%          1
 Necrotise                Necr           100%       1d9       1%          1
 Shock                    Conj/Air       100%       1d9       1%          1
 Summon Small Mammal      Summ           100%       N/A       1%          1
 Ensorcelled Hibernation  Hex/Ice        100%       N/A       1%          2
 Static Discharge         Conj/Air       100%       2-7/arc   1%          2
 Dazzling Flash           Conj/Hex       100%       N/A       1%          3
 Frozen Ramparts          Ice            100%       1d16      1%          3
 Hailstorm                Conj/Ice       100%       3d20      1%          3
 Ignite Poison            Fire/Tmut/Pois 79%        N/A       1%          3
 Mephitic Cloud           Conj/Pois/Air  93%        N/A       1%          3
 Stone Arrow              Conj/Erth      100%       3d13      1%          3
 Summon Guardian Golem    Hex/Summ       74%        N/A       1%          3
 Brom's Barrelling Bould  Conj/Erth      100%       2d11      1%          4
 Cause Fear               Hex            44%        N/A       1%          4
 Flame Wave               Conj/Fire      100%       2d21      1%          4
 Sticky Flame             Conj/Fire      100%       2d11      1%          4
 Summon Ice Beast         Ice/Summ       90%        N/A       1%          4
 Arcjolt                  Conj/Air       53%        1d63      1%          5
 Fireball                 Conj/Fire      62%        3d24      1%          5
 Metabolic Englaciation   Hex/Ice        51%        N/A       1%          5
 Starburst                Conj/Fire      62%        6d16      1%          6
 Cigotuvi's Dreadful Rot  Necr/Pois/Air  100%       N/A       2%          2
 Sublimation of Blood     Necr           55%        N/A       2%          2
 Bombard                  Conj/Erth      53%        9d9       3%          6
 Conjure Ball Lightning   Conj/Air       53%        3x3d18    3%          6
 Call Canine Familiar     Summ           55%        N/A       4%          3
 Anguish                  Hex/Necr       37%        N/A       4%          4
 Vhi's Electric Charge    Tloc/Air       100%       N/A       4%          4
 Ozocubu's Refrigeration  Ice            56%        4d20      8%          7
 Yara's Violent Unravell  Hex/Tmut       37%        3d15      11%         5
 Petrify                  Tmut/Erth      55%        N/A       13%         4
 Summon Lightning Spire   Summ/Air       55%        N/A       13%         4
 Spellforged Servitor     Conj/Summ      53%        N/A       14%         7
 Plasma Beam              Fire/Air       44%        2x1d58    17%         6
 Alistair's Intoxication  Tmut/Pois      36%        N/A       32%         5
 Ignition                 Fire           55%        3d15      52%         8
 Enfeeble                 Hex            44%        N/A       63%         7
 Lehudib's Crystal Spear  Conj/Erth      53%        10d13     69%         8
 Fire Storm               Conj/Fire      62%        8d16      80%         9
 Discord                  Hex            44%        N/A       99%         8
 Disjunction              Tloc           44%        N/A       99%         8
 Maxwell's Capacitive Co  Air            27%        ∞         100%        8
 Summon Horrible Things   Summ           27%        N/A       100%        8
 Chain Lightning          Conj/Air       53%        3d71      100%        9
 Polar Vortex             Ice            56%        12d7*     100%        9


Dungeon Overview and Level Annotations

Branches:
Dungeon (15/15) Zot: 24757  Temple (0/1) D:5            Lair (5/5) D:9 Zot: 21135
 Shoals (4/4) Lair:3 Zot: 15200  Spider (2/4) Lair:3 Zot: 10816   Slime (0/5) Lair:4
    Orc (2/2) D:11 Zot: 9860     Elf (0/3) Orc:2        Vaults (0/5) D:13
 Depths (0/4) D:15          IceCv (visited)         Gauntlet (visited)

Altars:
Ashenzari
Dithmenos
Elyvilon
Fedhas
Hepliaklqana
Kikubaaqudgha
Okawaru
Qazlal
Sif Muna
Trog
Uskayaw
Wu Jian
Xom
Yredelemnul
Zin

Shops:
Orc:2 (*![

Annotations:
D:2 exclusion: downstairs
D:10 exclusion: downstairs
D:13 exclusion: downstairs


Innate Abilities, Weirdness & Mutations

Your spells are a little harder to cast, but a little more powerful.
You expend magic power (3 MP) to strengthen your wands.


Message History

You take 7 damage, and have 20/97 hp.
You now have 32/44 mp.
Casting: Iskenderun's Mystic Blast (safe; 1% risk of failure)
Confirm with . or Enter, or press ? or * to list all spells.
You erupt in a blast of force!
The mystic blast hits the jumping spider!
The jumping spider is heavily wounded.
The jumping spider is knocked back by the mystic blast.
The mystic blast hits the redback simulacrum!!
The redback simulacrum vaporises!
The mystic blast hits the redback simulacrum!!
The redback simulacrum is almost destroyed.
The redback simulacrum is knocked back by the mystic blast.
The mystic blast hits the redback simulacrum!!
The redback simulacrum is almost destroyed.
The redback simulacrum is knocked back by the mystic blast.
The mystic blast hits the torpor snail!!
The torpor snail is moderately wounded.
The torpor snail is knocked back by the mystic blast.
The torpor snail collides with the jumping spider!
The jumping spider is lightly wounded.
The torpor snail is heavily wounded.
The mystic blast hits the culicivora.
The culicivora is lightly wounded.
The culicivora is knocked back by the mystic blast.
You feel very sick.
You hear a faint skittering sound.
A jumping spider comes into view.
A redback comes into view.
The jumping spider leaps! x2
A sun moth comes into view.
A redback comes into view. x2
The jumping spider leaps!
You take 4 damage, and have 16/97 hp.
You now have 28/44 mp.
You feel very sick.
The culicivora chitters at the wolf spider simulacrum.
The wolf spider simulacrum is healed somewhat.
The jumping spider leaps!
The redback bites you.
* * * LOW HITPOINT WARNING * * *
The redback closely misses you.
The redback is engulfed in freezing vapours.
The redback misses you. The jumping spider pounces on you!
You die...

.B.....s.......
...............
.s.............
..#......?.....
.......Z...s...
....^..s.sB....
......ZssZ.^...
B.s...s@s.....$
....s.°sw......
.......Z..<....
......s.).ss...
...s..........s
...y........s°.
$..............
.............s.


You could see a sun moth, a boulder beetle (wandering), an entropy weaver, a
torpor snail (soul bound), 2 orb spiders, a culicivora, a pharaoh ant, 4 jumping
spiders, a tarantella, 11 redbacks, a wolf spider simulacrum and 3 redback
simulacra.

Vanquished Creatures
  Mlioglotl (Spider:1)
  3 krakens
  The ghost of GigaChad the Severer, an adept MiFi of Gozag (D:15)
  Polyphemus (Shoals:2)
  Ilsuiw (Shoals:2)
  The ghost of Koceploe the Impaler, an adept MfGl of the Shining One (Shoals:3)
  2 ghost moths (Spider:1)
  2 very ugly things (IceCv)
  A dire elephant (D:15)
  A minotaur (Gauntlet)
  5 merfolk javelineers
  A fire dragon (Lair:5)
  8 merfolk impalers
  An entropy weaver (Spider:1)
  8 hydras
  The ghost of promet the Skirmisher, a journeyman OpHW of Hepliaklqana (Lair:1)
  2 caustic shrike simulacra (IceCv)
  9 centaur warriors
  5 merfolk avatars
  A catoblepas (Shoals:2)
  2 ogre magi (D:10)
  An alligator snapping turtle (Shoals:4)
  7 two-headed ogres
  A death knight (D:15)
  4 satyrs
  5 merfolk aquamancers
  5 death yaks
  2 demonic crawlers (Spider:1)
  3 orc high priests (Orc:2)
  A fire crab (shapeshifter) (D:14)
  3 sixfirhies (Gauntlet)
  A fire crab (Lair:5)
  A pharaoh ant (Spider:2)
  17 sea snakes
  The ghost of Stellion the Thaumaturge, a novice DECj of Vehumet (D:11)
  A sun moth (Spider:1)
  8 skysharks
  A flayed ghost (D:11)
  7 orc knights
  2 orb spiders (Spider:1)
  A steelbarb worm (Spider:1)
  An orange crystal statue (IceCv)
  A wizard (D:14)
  12 harpies
  3 necromancers (D:13)
  3 ugly things
  A deep elf pyromancer (D:12)
  9 wolf spiders
  2 oklob plants
  5 orc sorcerers
  7 fauns
  A salamander (D:15)
  3 cyclopes
  23 manticores
  13 black mambas
  6 merfolk sirens
  The ghost of BeowulfAlex the Changeling, a novice NaSh (D:5)
  5 water nymphs
  13 elephants
  2 molten gargoyles (Lair:5)
  3 gargoyles
  2 guardian serpents (D:15)
  A torpor snail (Spider:1)
  2 moths of wrath
  The ghost of Thrassey the Ducker, a novice DsMo of Okawaru (D:5)
  13 cane toads
  A rime drake (Lair:1)
  An anaconda simulacrum (IceCv)
  The ghost of Thrassey the Slasher, a novice DsMo of Nemelex Xobeh (D:5)
  2 freezing wraiths (IceCv)
  A golden dragon simulacrum (IceCv)
  10 komodo dragons
  A tyrant leech (Gauntlet)
  6 polar bears
  6 meliai
  2 hornets (D:7)
  22 merfolk
  5 trolls
  9 tarantellas
  9 wind drakes
  9 snapping turtles
  9 blink frogs
  8 dream sheep
  3 culicivoras (Spider:1)
  5 slime creatures (D:13)
  Sigmund (D:2)
  10 wyverns
  3 jumping spiders (Spider:1)
  5 water elementals
  5 shadows
  54 yaks
  A vampire (D:9)
  5 wraiths
  2 fire bats (D:11)
  8 vampire mosquitoes
  6 basilisks
  A steam dragon (Lair:5)
  16 redbacks
  5 wargs
  Menkaure (D:4)
  4 swamp worms (Gauntlet)
  A harpy simulacrum (IceCv)
  2 acid dragons (D:14)
  14 water moccasins
  A hydra simulacrum (IceCv)
  3 hell hounds (Lair:5)
  2 ice beasts (D:7)
  28 orc warriors
  An ettin simulacrum (IceCv)
  A swamp drake (D:11)
  A sky beast (D:8)
  3 black bears
  7 ogres
  15 wolves
  21 centaurs
  A phantom (D:7)
  3 kobold brigands
  Blork the orc (D:4)
  17 bullfrogs
  6 scorpions
  A gnoll sergeant (D:11)
  A lindwurm simulacrum (IceCv)
  An electric eel (Spider:1)
  7 crimson imps (D:12)
  9 jellies
  5 lava snakes (Lair:5)
  20 orc priests
  2 hounds
  3 iguanas
  2 sleepcaps
  Natasha (twice) (D:2)
  30 orc wizards
  Robin (D:3)
  5 gnolls (D:11)
  11 adders
  2 shadow imps (D:5)
  4 white imps
  3 worms
  4 dart slugs
  78 orcs
  3 endoplasms
  A giant cockroach (D:2)
  17 goblins
  4 hobgoblins
  3 quokkas
  6 ball pythons
  17 bats
  4 frilled lizards (D:1)
  13 kobolds
  3 rats
  A butterfly (Lair:5)
  3 tentacles (Shoals:3)
893 creatures vanquished.

Vanquished Creatures (others)
  A centaur (D:11)
  An orc wizard (D:8)
  An orc (D:9)
  408 fulminant prisms
  12 tentacles
423 creatures vanquished.

Grand Total: 1316 creatures vanquished

Notes
Turn   | Place    | Note
-------+----------+-------------------------------------------
     0 | D:1      | Psyclone the Deep Elf Conjurer began the quest for the Orb.
     0 | D:1      | Reached XP level 1. HP: 10/10 MP: 6/6
   329 | D:1      | Reached XP level 2. HP: 15/15 MP: 5/8
   474 | D:1      | Reached skill level 5 in Conjurations
   561 | D:1      | Learned a level 2 spell: Searing Ray
  1012 | D:2      | Reached XP level 3. HP: 19/19 MP: 5/9
  1016 | D:2      | Learned a level 3 spell: Volatile Blastmotes
  1257 | D:2      | Found an ornate altar of the Wu Jian Council.
  1373 | D:2      | Noticed Natasha
  1379 | D:2      | Killed Natasha
  1380 | D:2      | Reached XP level 4. HP: 16/24 MP: 5/10
  1802 | D:2      | Noticed Sigmund
  1808 | D:2      | Killed Sigmund
  1809 | D:2      | Reached XP level 5. HP: 20/28 MP: 2/11
  1938 | D:2      | Noticed Natasha
  1941 | D:2      | Killed Natasha
  1942 | D:2      | Reached XP level 6. HP: 32/32 MP: 7/12
  2221 | D:3      | Noticed Robin
  2261 | D:2      | Gained mutation: You are occasionally teleported next to
                  | monsters. [potion of mutation]
  2261 | D:2      | Gained mutation: You are partially covered in iridescent
                  | scales. (AC +2) [potion of mutation]
  2262 | D:2      | Lost mutation: You are occasionally teleported next to
                  | monsters. [potion of mutation]
  2262 | D:2      | Lost mutation: You are partially covered in iridescent
                  | scales. (AC +2) [potion of mutation]
  2262 | D:2      | Gained mutation: You expend magic power (3 MP) to
                  | strengthen your wands. [potion of mutation]
  2262 | D:2      | Gained mutation: Your spells are a little harder to cast,
                  | but a little more powerful. [potion of mutation]
  2378 | D:3      | Found a basalt altar of Yredelemnul.
  2680 | D:3      | Killed Robin
  2780 | D:3      | Found a blossoming altar of Fedhas.
  2811 | D:3      | Found a stormy altar of Qazlal.
  2824 | D:3      | Found a faded altar of an unknown god.
  3071 | D:4      | Noticed Menkaure
  3075 | D:4      | Killed Menkaure
  3076 | D:4      | Reached XP level 7. HP: 26/36 MP: 7/13
  3417 | D:4      | Found a shadowy altar of Dithmenos.
  3809 | D:4      | Found a shimmering blue altar of Sif Muna.
  3809 | D:4      | Found a hide-covered altar of Uskayaw.
  3809 | D:4      | Found a glowing silver altar of Zin.
  3827 | D:4      | Found a hazy altar of Hepliaklqana.
  3836 | D:4      | Found a white marble altar of Elyvilon.
  3847 | D:4      | Became a worshipper of Sif Muna the Loreminder
  4031 | D:4      | Noticed Blork the orc
  4039 | D:4      | Killed Blork the orc
  4205 | D:5      | Entered Level 5 of the Dungeon
  4211 | D:5      | Identified the amulet of Cerphamua {Acrobat Harm}
  4451 | D:5      | Reached skill level 1 in Translocations
  4451 | D:5      | Reached skill level 1 in Fire Magic
  4706 | D:5      | Found a staircase to the Ecumenical Temple.
  5030 | D:5      | Found a runed translucent gate.
  5030 | D:5      | Found a runed translucent gate.
  5030 | D:5      | Found a runed translucent gate.
  5031 | D:5      | Noticed Thrassey's ghost (novice DsMo)
  5031 | D:5      | Noticed BeowulfAlex's ghost (novice NaSh)
  5031 | D:5      | Noticed Thrassey's ghost (novice DsMo)
  5230 | D:6      | Reached XP level 8. HP: 41/41 MP: 16/16
  5301 | D:6      | Reached * piety under Sif Muna
  6039 | D:7      | Reached skill level 5 in Spellcasting
  6276 | D:7      | Noticed a hornet
  6303 | D:7      | Learned a level 4 spell: Fulminant Prism
  6308 | D:7      | Learned a level 4 spell: Iskenderun's Mystic Blast
  6493 | D:7      | Noticed a hornet
  7305 | D:7      | Reached skill level 5 in Hexes
  7333 | D:7      | Killed a hornet
  7334 | D:7      | Reached XP level 9. HP: 45/45 MP: 19/19
  7910 | D:8      | Found an ancient bone altar of Kikubaaqudgha.
  7926 | D:8      | Found a broken altar of Ashenzari.
  8295 | D:8      | Found a bloodstained altar of Trog.
  8591 | D:8      | Reached skill level 5 in Translocations
  8591 | D:8      | Reached skill level 5 in Fire Magic
  8932 | D:9      | Reached ** piety under Sif Muna
  9181 | D:9      | Reached XP level 10. HP: 32/50 MP: 13/25
  9398 | D:9      | Reached skill level 1 in Fighting
  9458 | D:9      | Noticed a manticore
  9467 | D:9      | Killed a manticore
  9979 | D:9      | Found a staircase to the Lair.
  9987 | D:9      | Reached skill level 5 in Shields
 10159 | D:10     | Entered Level 10 of the Dungeon
 10200 | D:10     | Noticed an ogre mage
 10228 | D:10     | Killed an ogre mage
 10229 | D:10     | Reached skill level 5 in Dodging
 10804 | D:10     | Noticed an ogre mage
 10810 | D:10     | Killed an ogre mage
 11318 | D:11     | Identified a scroll of acquirement
 11319 | D:11     | Acquired the +3 pair of gauntlets of War {Slay+5}
 11319 | D:11     | Found the +3 pair of gauntlets of War {Slay+5}
 11365 | D:11     | Found a transporter.
 11368 | D:11     | Noticed a wolf spider
 11368 | D:11     | Noticed Stellion's ghost (novice DECj)
 11372 | D:11     | Noticed a manticore
 11372 | D:11     | Noticed a moth of wrath
 11383 | D:11     | Found a transporter.
 11593 | D:5      | Killed BeowulfAlex's ghost
 11594 | D:5      | Reached skill level 5 in Fighting
 11594 | D:5      | Reached XP level 11. HP: 63/63 MP: 23/26
 11596 | D:5      | Killed Thrassey's ghost
 11596 | D:5      | Killed Thrassey's ghost
 12112 | D:11     | Found a staircase to the Orcish Mines.
 12159 | D:11     | Reached *** piety under Sif Muna
 12446 | D:11     | Found a runed translucent door.
 12523 | D:11     | Found a bloodstained altar of Trog.
 12643 | D:11     | Found a shimmering altar of Xom.
 12746 | D:11     | Found a shimmering altar of Xom.
 12861 | D:11     | Found a shadowy altar of Dithmenos.
 12890 | D:11     | Noticed a two-headed ogre
 12895 | D:11     | Killed a two-headed ogre
 13153 | D:11     | Found an iron altar of Okawaru.
 13164 | D:11     | Found a shimmering blue altar of Sif Muna.
 13252 | D:11     | Noticed a flayed ghost
 13282 | D:11     | Noticed a two-headed ogre
 13298 | D:11     | Killed a two-headed ogre
 13299 | D:11     | Reached skill level 10 in Spellcasting
 13546 | Lair:1   | Entered Level 1 of the Lair of Beasts
 13954 | Lair:1   | Reached **** piety under Sif Muna
 14525 | Lair:1   | Reached XP level 12. HP: 72/73 MP: 24/30
 14697 | Lair:1   | Found a runed translucent door.
 14698 | Lair:1   | Noticed promet's ghost (journeyman OpHW)
 14709 | Lair:1   | Reached skill level 10 in Conjurations
 15303 | Lair:1   | Killed promet's ghost
 16734 | Lair:3   | Reached ***** piety under Sif Muna
 16734 | Lair:3   | Identified Afeokh's Writings on Septic Shapes (Sif Muna
                  | gifted it to you on level 3 of the Lair of Beasts)
 16734 | Lair:3   | Received a gift from Sif Muna
 17025 | Lair:3   | Found a staircase to the Shoals.
 17371 | Lair:3   | Found a hole to the Spider Nest.
 17669 | Lair:3   | Reached XP level 13. HP: 78/78 MP: 26/33
 18016 | Lair:3   | Reached skill level 15 in Spellcasting
 18812 | Lair:4   | Found a staircase to the Slime Pits.
 19200 | Lair:5   | Entered Level 5 of the Lair of Beasts
 19356 | Lair:5   | Received a gift from Sif Muna
 20213 | Lair:5   | Reached XP level 14. HP: 84/84 MP: 19/39
 20365 | Lair:5   | Found a large runed translucent door.
 21146 | Lair:5   | Found a large runed translucent door.
 21796 | Orc:1    | Entered Level 1 of the Orcish Mines
 22041 | Orc:1    | Paralysed by an orc sorcerer for 2 turns
 22048 | Orc:1    | Identified Sif Muna's Octavo of Accompaniment and Curses
                  | (Sif Muna gifted it to you on level 1 of the Orcish Mines)
 22048 | Orc:1    | Received a gift from Sif Muna
 22161 | Orc:1    | Learned a level 3 spell: Inner Flame
 22167 | Orc:1    | Learned a level 5 spell: Irradiate
 22328 | Orc:2    | Entered Level 2 of the Orcish Mines
 22336 | Orc:2    | Paralysed by an orc sorcerer for 2 turns
 22784 | Orc:2    | Found a staircase to the Elven Halls.
 23749 | Orc:2    | Received a gift from Sif Muna
 23918 | Orc:2    | Found Eba Musa's Assorted Antiques.
 23918 | Orc:2    | Found Wiog's Weapon Shop.
 23920 | Orc:2    | Found Zaciqo's Armour Shoppe.
 23920 | Orc:2    | Found Duustos's Distillery.
 23936 | Orc:2    | Bought a pair of glowing boots for 255 gold pieces
 24549 | D:12     | Learned a level 5 spell: Iskenderun's Battlesphere
 24576 | D:12     | Reached skill level 15 in Conjurations
 25742 | D:13     | Found a gate to the Vaults.
 26385 | D:13     | Reached XP level 15. HP: 88/88 MP: 42/42
 26888 | D:14     | Identified Sif Muna's Vademecum on Blasting (Sif Muna
                  | gifted it to you on level 14 of the Dungeon)
 26888 | D:14     | Received a gift from Sif Muna
 27602 | D:15     | Entered Level 15 of the Dungeon
 27649 | D:15     | Found a broken altar of Ashenzari.
 27692 | D:15     | Found a runed translucent door.
 27698 | D:15     | Noticed GigaChad's ghost (adept MiFi)
 27723 | D:15     | Found a shimmering altar of Xom.
 28016 | D:15     | Found a gate leading to a gauntlet.
 28025 | Gauntlet | Entered a Gauntlet
 28025 | Gauntlet | Found a transporter.
 28028 | Gauntlet | Found a transporter.
 28029 | Gauntlet | Found a transporter.
 28032 | Gauntlet | Found a transporter.
 28033 | Gauntlet | Found a transporter.
 28034 | Gauntlet | Found a transporter.
 28038 | Gauntlet | Found a runed translucent door.
 28043 | Gauntlet | Found a runed translucent door.
 28045 | Gauntlet | Found a transporter.
 28076 | Gauntlet | Found a transporter.
 28076 | Gauntlet | Found a transporter.
 28080 | Gauntlet | Found a transporter.
 28119 | Gauntlet | Found a transporter.
 28148 | Gauntlet | Found a transporter.
 28298 | Gauntlet | Identified the +1 robe "Geluetrau" {rElec Str+4 Stlth+}
 28303 | Gauntlet | Identified the +1 pair of boots of Perfidy {rElec Will+}
 28403 | Gauntlet | Identified the +3 triple crossbow of Afomyi {drain, rElec
                  | rN+}
 28403 | Gauntlet | Identified the +1 long sword "Zeozxunk" {drain, *Rage rElec
                  | Dex+6}
 29150 | D:15     | Found a staircase to the Depths.
 29376 | D:15     | Killed GigaChad's ghost
 30130 | D:11     | Killed Stellion's ghost
 30327 | Lair:1   | Learned a level 5 spell: Freezing Cloud
 30385 | Shoals:1 | Entered Level 1 of the Shoals
 30436 | Shoals:1 | Found a frozen archway.
 30545 | IceCv    | Entered an ice cave
 30681 | IceCv    | Found a transporter.
 30693 | IceCv    | Found a transporter.
 30699 | IceCv    | Acquired the Handbook of Dynamic Freezing
 30721 | IceCv    | Learned a level 7 spell: Orb of Destruction
 30731 | IceCv    | Reached skill level 1 in Ice Magic
 30895 | IceCv    | Identified the +1 cloak of Complete Protection {rCorr Int+4
                  | Slay+5}
 30958 | Shoals:1 | Identified the +0 chain mail of Aragyur {rF+ Str+3}
 31107 | Shoals:1 | Noticed a kraken
 31112 | Shoals:1 | Killed a kraken
 31560 | Shoals:1 | Found a runed translucent door.
 31604 | Shoals:1 | Reached skill level 5 in Ice Magic
 32071 | Shoals:1 | Acquired the +2 pair of boots of Dunnomm {rPois Will+++}
 32154 | Shoals:1 | Reached XP level 16. HP: 86/93 MP: 33/43
 32162 | Shoals:1 | Identified Sif Muna's Writings on the Fulgurous Tundra (Sif
                  | Muna gifted it to you on level 1 of the Shoals)
 32162 | Shoals:1 | Received a gift from Sif Muna
 32329 | Shoals:1 | Got an illuminated book
 32448 | Shoals:2 | Noticed Polyphemus
 32467 | Shoals:2 | Killed Polyphemus
 33572 | Shoals:2 | Noticed a kraken
 33578 | Shoals:2 | Killed a kraken
 33656 | Shoals:2 | Reached skill level 10 in Ice Magic
 33667 | Shoals:2 | Acquired 970 gold pieces
 33755 | Shoals:2 | Noticed Ilsuiw
 33792 | Shoals:2 | Killed Ilsuiw
 35424 | Shoals:3 | Found a runed translucent door.
 35429 | Shoals:3 | Noticed Koceploe's ghost (adept MfGl)
 35624 | Shoals:3 | Identified Sif Muna's Volume of the Brilliant Sun (Sif Muna
                  | gifted it to you on level 3 of the Shoals)
 35624 | Shoals:3 | Received a gift from Sif Muna
 36014 | Shoals:3 | Noticed a kraken
 36019 | Shoals:3 | Killed a kraken
 36272 | D:8      | Fell from the grace of Sif Muna
 36272 | D:8      | Became a worshipper of Ashenzari the Shackled
 36768 | Shoals:3 | Killed Koceploe's ghost
 36892 | Shoals:4 | Entered Level 4 of the Shoals
 37429 | Shoals:4 | HP: 3/93 [wind drake/the air (30)]
 37872 | Shoals:4 | Reached XP level 17. HP: 97/97 MP: 34/44
 37873 | Shoals:4 | Got a barnacled rune of Zot
 39222 | Shoals:4 | Identified the ring of Ifeisaj {MP+9 Dex+3}
 39365 | Shoals:4 | Identified the +9 glaive of Xom, Transmuting {flame, Str-4
                  | Dex+4}
 39604 | Shoals:4 | Identified the +0 short sword of Impocagha {heavy, Dex+3}
 39901 | Spider:1 | Entered Level 1 of the Spider Nest
 39902 | Spider:1 | Noticed Mlioglotl
 39910 | Spider:1 | Killed Mlioglotl
 40184 | Spider:1 | Reached skill level 10 in Fire Magic
 40225 | Spider:1 | HP: 4/97 [meliai/+2 hand axe of flaming (1)]
 41342 | Spider:2 | Mangled by a jumping spider

Illustrated notes

Levels and vault maps discovered:
D:1:      dpeg_arrival_pits, layout_loops_ring
D:2:      layout_loops_corners, basic_altar, grunt_ministairs_13, uniq_natasha,
          uniq_sigmund
D:3:      layout_rooms, grunt_temple_overflow_forces_of_nature,
          yredelemnul_altar_generic,
          hellmonk_ecumenical_altar_pennies_from_heaven, uniq_robin
D:4:      minmay_angry_zag, layout_loops_ring, lemuel_tele_altar,
          minmay_overflow_temple_star_hex, uniq_menkaure, uniq_blork_the_orc
D:5:      layout_cave_pools, minmay_temple_entry_waves, gammafunk_ghost_cemetery
D:6:      layout_rooms
D:7:      layout_layer_cave
D:8:      layout_basic, marbit_many_paths, mainiacjoe_overflow_large_starburst,
          serial_bayou_pond_e
D:9:      layout_cave_pools, grunt_lair_entry_orc_guard_hut, minmay_circle_x
D:10:     minmay_curly_fans, layout_gridville, serial_glass, glass_columns_b,
          glass_columns_a
D:11:     due_megacathedral, layout_basic, erik_orc_1,
          gammafunk_ghost_berserking_beasts
D:12:     minmay_skewed_foursquare, layout_gridville, minmay_nine_imps
D:13:     layout_roguey, david_vaults_1
D:14:     layout_cave_pools, minivault_11
D:15:     hangedman_depths_entry_try_elsewhere_first, layout_gridville,
          gauntlet_entry_generic, ebering_ghost_reflecting_pool,
          hangedman_feature_mirror, fungi_pond_lemuel, wad_floor_pattern_1,
          nrook_guardian_serpent_double
Lair:1:   layout_chaotic_city, gammafunk_ghost_grave,
          chequers_serial_rivers_room_a, infiniplex_staircase_pool,
          grunt_megastairs_1
Lair:2:   layout_chaotic_city, grunt_megastairs_4
Lair:3:   layout_gridlike, nicolae_shoals_entry_roost, spider_nest_entry_rubble
Lair:4:   layout_hall_layers, nicolae_slime_entry_field_trip
Lair:5:   cheibrodos_lair_end_hotspot, layout_gridlike, lemuel_fruit_fields
Shoals:1: layout_shoals, portal_ice_cave_entry_pillars_2, lightli_airlock
Shoals:2: layout_shoals, nicolae_shoals_kraken_intersection, uniq_ilsuiw,
          uniq_polyphemus
Shoals:3: layout_shoals, ebering_ghost_inner_flame,
          nicolae_shoals_arrival_archipelago
Shoals:4: shoals_end_simple, layout_shoals
Spider:1: layout_spider_delve, uniq_mlioglotl
Spider:2: layout_spider_delve, ebering_ghost_reflecting_pool, drop_trap,
          worms_lemuel
Orc:1:    layout_diamond_mine
Orc:2:    grunt_orc_tribal_feast, layout_diamond_mine, basic_altar

Skill      XL: |  1  2  3  4  5  6  7  8  9 10 11 12 13 14 15 16 17 |
---------------+----------------------------------------------------+-----
Conjurations   | 5 6 7 8 9 13 16 19 20 21 | 21.0
Shields        | 2 3 4 5 |  5.0
Translocations | 2 3 6 |  6.0
Fire Magic     | 2 3 6 11 | 11.3
Spellcasting   | 4 5 9 12 14 19 21 | 21.0
Hexes          | 6 |  6.0
Fighting       | 5 8 |  8.0
Dodging        | 7 8 |  8.0
Ice Magic      | 6 12 | 12.0
Stealth        | |  2.4

Action                     |  1- 3 |  4- 6 |  7- 9 | 10-12 | 13-15 | 16-18 || total
---------------------------+-------+-------+-------+-------+-------+-------++-------
  Melee: War axe           |       |     7 |    16 |    15 |    16 |     9 ||    63
         Hand axe          |       |     2 |       |       |       |       ||     2
   Cast: Magic Dart        |    57 |    51 |   109 |    63 |    66 |     7 ||   353
         Searing Ray       |     1 |    12 |    60 |    76 |    38 |     2 ||   189
         Fulminant Prism   |       |       |     9 |    85 |   277 |    37 ||   408
         Iskenderun's Myst |       |       |     3 |    50 |   190 |   107 ||   350
         Volatile Blastmot |       |       |     2 |       |       |       ||     2
         Freezing Cloud    |       |       |       |       |     5 |    23 ||    28
         Orb of Destructio |       |       |       |       |     3 |    80 ||    83
         Inner Flame       |       |       |       |       |     1 |       ||     1
         Iskenderun's Batt |       |       |       |       |     1 |       ||     1
         Irradiate         |       |       |       |       |       |    18 ||    18
 Invoke: Curse Item        |       |       |       |       |       |     1 ||     1
  Evoke: Wand              |       |       |       |       |       |     5 ||     5
    Use: Potion            |     3 |     3 |     4 |       |     2 |     5 ||    17
         Scroll            |     2 |     1 |     9 |     5 |    10 |     7 ||    34
 Armour: Robe              |     7 |    10 |    66 |    95 |    96 |   180 ||   454
  Dodge: Dodged            |     3 |    12 |    51 |   213 |   237 |   257 ||   773
         Repelled          |       |       |     2 |     1 |    11 |       ||    14
  Block: Buckler           |       |       |    22 |    71 |    48 |    66 ||   207

Table legend: (Time is in decaauts)
 A = Elapsed time spent in this place.
 B = Non-inter-level travel time spent in this place.
 C = Inter-level travel time spent in this place.
 D = Time resting spent in this place.
 E = Time spent auto-exploring this place.
 F = Levels seen in this place.
 G = Mean time per level.
                   A        B        C        D        E       F      G
               +--------+--------+--------+--------+--------+-----+--------+
         Total |  41648 |  39073 |   2575 |  13332 |  14344 |  30 | 1388.3 |
       Dungeon |  19776 |  18133 |   1643 |   4763 |   8524 |  15 | 1318.4 |
          Lair |   8864 |   8444 |    420 |   3311 |   3460 |   5 | 1772.8 |
        Shoals |   8799 |   8526 |    273 |   3864 |   1176 |   4 | 2199.8 |
   Spider Nest |   1182 |   1151 |     31 |    373 |    499 |   2 |  591.0 |
  Orcish Mines |   2139 |   1933 |    206 |    642 |    623 |   2 | 1069.5 |
      Ice Cave |    401 |    401 |      0 |    287 |      0 |   1 |  401.0 |
      Gauntlet |    483 |    483 |      0 |     92 |     61 |   1 |  483.0 |
               +--------+--------+--------+--------+--------+-----+--------+

Top non-repeatable levels by time:
    D:11: 2529 daAuts
  Lair:5: 2454 daAuts
Shoals:2: 2426 daAuts
Shoals:3: 2294 daAuts
Shoals:4: 2247 daAuts
  Lair:3: 2059 daAuts
  Lair:1: 1846 daAuts
Shoals:1: 1831 daAuts
     D:7: 1734 daAuts
     D:8: 1732 daAuts
    D:12: 1564 daAuts
  Lair:2: 1479 daAuts
    D:15: 1456 daAuts
     D:2: 1403 daAuts
    D:13: 1374 daAuts
